 Dungeon Crawl Stone Soup version 0.29.1-2-gbd0b4ee654 (webtiles) character file.

Game seed: 20411987010272549

128 Ivernyr the Stinger (level 5, -2/42 HPs)
             Began as a Naga Venom Mage on Nov 1, 2022.
             Slain by a phantom (4 damage)
             ... on level 4 of the Dungeon.
             The game lasted 00:09:36 (3544 turns).

Ivernyr the Stinger (Naga Venom Mage)               Turns: 3544, Time: 00:09:37

Health: -2/42      AC:  2    Str: 11    XL:     5   Next: 11%
Magic:  4/9        EV: 10    Int: 17    God:
Gold:   150        SH:  0    Dex: 11    Spells: 3/9 levels left

rFire   . . .      SeeInvis +   q - +0 flail
rCold   . . .      Faith    .   (no shield)
rNeg    . . .      Spirit   .   a - +0 robe
rPois   +          Reflect  .   (no helmet)
rElec   .          Harm     .   (no cloak)
rCorr   .          Rampage  .   (no gloves)
Will    .....                   (no barding)
Stlth   ++........              (no amulet)
HPRegen 0.14/turn               (no ring)
MPRegen 0.11/turn               (no ring)

@: very slow
A: AC +1, large, see invisible, deformed body, poison resistance, slowness 2,
spit poison 1, naga tail 1
a: Spit Poison


You were on level 4 of the Dungeon.
You visited 1 branch of the dungeon, and saw 4 of its levels.

You collected 150 gold pieces.

Inventory:

Hand Weapons
 q - a +0 flail (weapon)
Missiles
 p - a throwing net
Armour
 a - a +0 robe (worn)
Scrolls
 d - a scroll of vulnerability {unknown}
 e - 6 scrolls of identify {unknown}
 m - a scroll of poison {unknown}
 n - a scroll of fear {unknown}
Potions
 b - a potion of magic
 c - a potion of flight {unknown}
 f - a potion of brilliance {unknown}
 g - a potion of curing {unknown}
 h - 2 potions of haste {unknown}
 i - a potion of invisibility {unknown}
 j - a potion of attraction {unknown}
 k - 2 potions of degeneration {unknown}
 l - 2 potions of might {unknown}
 o - a potion of heal wounds {unknown}


   Skills:
 + Level 2.3 Dodging
 - Level 3.0 Stealth
 + Level 2.6 Spellcasting
 - Level 1.6 Transmutations
 + Level 1.2 Air Magic
 * Level 5.6 Poison Magic


You had 3 spell levels left.
You knew the following spells:

 Your Spells              Type           Power      Damage    Failure   Level
a - Sting                 Tmut/Pois      56%        1d5       4%          1
b - Poisonous Vapours     Pois/Air       26%        N/A       7%          2
c - Mephitic Cloud        Conj/Pois/Air  10%        N/A       22%         3

Your spell library contained the following spells:

 Spells                   Type           Power      Damage    Failure   Level
 Olgreb's Toxic Radiance  Pois           21%        N/A       19%         4


Dungeon Overview and Level Annotations

Branches:
Dungeon (4/15)
 Temple: D:4-7

Altars:


Innate Abilities, Weirdness & Mutations

Your serpentine skin is tough. (AC +1)
You have supernaturally acute eyesight. (SInv)
Armour fits poorly on your strangely shaped body.
Your system is resistant to poisons. (rPois)
You cover ground very slowly.
You can spit poison.
You have a snake-like lower body.


Message History

The phantom is moderately damaged.
The phantom hits you.
* * * LOW HITPOINT WARNING * * *
Casting: Sting (safe; 4% risk of failure)
Confirm with . or Enter, or press ? or * to list all spells.
Aiming: Sting (safe; 4% risk of failure)
Press: ? - help, Shift-Dir - straight line, f/p - phantom
Aim: a phantom (moderately damaged, 60% to hit)
The sting hits the phantom but does no damage.
The phantom is moderately damaged.
The phantom hits you.
* * * LOW HITPOINT WARNING * * *
The phantom blinks!
You blink.
Casting: Sting (safe; 4% risk of failure)
Confirm with . or Enter, or press ? or * to list all spells.
Aiming: Sting (safe; 4% risk of failure)
Press: ? - help, Shift-Dir - straight line, f/p - phantom
Aim: a phantom (moderately damaged, 60% to hit)
The sting hits the phantom but does no damage.
The phantom is moderately damaged.
The phantom hits you but does no damage.
Casting: Sting (safe; 4% risk of failure)
Confirm with . or Enter, or press ? or * to list all spells.
Aiming: Sting (safe; 4% risk of failure)
Press: ? - help, Shift-Dir - straight line, f/p - phantom
Aim: a phantom (moderately damaged, 60% to hit)
The sting hits the phantom.
The phantom partially resists.
The phantom is heavily damaged.
The phantom hits you.
* * * LOW HITPOINT WARNING * * *
You closely miss the phantom.
The phantom is heavily damaged.
The phantom hits you.
* * * LOW HITPOINT WARNING * * *
The phantom blinks!
You blink.
The phantom hits you.
* * * LOW HITPOINT WARNING * * *
The phantom barely misses you. The phantom attacks as you move away!
The phantom hits you.
You die...

#...# #...# #...#
#...#
#.#######...###
#.............##
#.#####........#
####.....W..##
..##........@...#
#....##....)....#
#...............###
>#####...(.......#
####)#.##.#.# #)#.#
.#.# ####.#.##.. .
#.......###.##
#.......###.##


You could see a phantom.

Vanquished Creatures
  An orc wizard (D:4)
  3 adders
  3 dart slugs (D:1)
  7 orcs
  5 bats
  6 endoplasms
  A giant cockroach (D:2)
  6 goblins
  3 hobgoblins
  3 jackals (D:2)
  A quokka (D:2)
  8 ball pythons
  6 frilled lizards
  4 kobolds
  6 rats
63 creatures vanquished.

Notes
Turn   | Place    | Note
-------+----------+-------------------------------------------
     0 | D:1      | Ivernyr the Naga Venom Mage began the quest for the Orb.
     0 | D:1      | Reached XP level 1. HP: 15/15 MP: 3/3
   279 | D:1      | Reached XP level 2. HP: 22/22 MP: 5/5
   282 | D:1      | Learned a level 2 spell: Poisonous Vapours
   833 | D:2      | Reached XP level 3. HP: 25/28 MP: 0/6
  1010 | D:2      | Found a faded altar of an unknown god.
  1863 | D:3      | Learned a level 3 spell: Mephitic Cloud
  1904 | D:3      | Reached skill level 5 in Poison Magic
  1940 | D:3      | Reached XP level 4. HP: 36/36 MP: 5/7
  3216 | D:4      | Reached skill level 1 in Air Magic
  3216 | D:4      | Reached XP level 5. HP: 23/42 MP: 3/8
  3229 | D:4      | HP: 2/42 [orc/+0 club (2)]
  3427 | D:4      | Noticed a phantom
  3542 | D:4      | HP: 2/42 [phantom (3)]
  3544 | D:4      | Slain by a phantom

Illustrated notes

Levels and vault maps discovered:
D:1:      dpeg_arrival_connections, layout_rooms
D:2:      layout_loops_ring, basic_ecumenical_altar, nicolae_figureground_pulse
D:3:      layout_basic, serial_co_window_serial, co_window_paths_b,
          co_window_of_opportunity_a, co_window_paths_b, co_window_paths_b,
          co_window_paths_b, co_window_corner_b, co_window_2corner,
          co_window_broadway_c, co_window_broadway_b, co_window_corner_ca,
          co_window_2corner, co_window_4corner_a, st_stairs_7,
          minmay_pentomino_pile
D:4:      layout_loops_cross, minmay_pentangle, uniq_pikel

Skill      XL: |  1  2  3  4 |
---------------+-------------+-----
Dodging        | 2 |  2.3
Poison Magic   | 5 |  5.6
Air Magic      | 1 |  1.2
Stealth        | |  3.0
Spellcasting   | |  2.6
Transmutations | |  1.6

Action                   |  1- 3 |  4- 6 || total
-------------------------+-------+-------++-------
Melee: Unarmed           |    30 |    27 ||    57
       Flail             |       |     6 ||     6
 Cast: Sting             |    41 |    37 ||    78
       Poisonous Vapours |     1 |     5 ||     6
 Abil: Spit Poison       |    29 |    14 ||    43
 Stab: Sleeping          |       |     1 ||     1
Armor: Robe              |    11 |     9 ||    20
Dodge: Dodged            |    38 |    32 ||    70
